 Dungeon Crawl Stone Soup version 0.24-a0-530-g18ba70b5 (webtiles) character file.

Game seed: 230509697705232640

254 pkoi the Ruffian (level 5, 0/41 HPs)
             Began as a Demonspawn Fighter on Aug 8, 2019.
             Slain by an orc (3 damage)
             ... on level 4 of the Dungeon.
             The game lasted 00:05:34 (3350 turns).

pkoi the Ruffian (Demonspawn Fighter)               Turns: 3350, Time: 00:05:34

Health: 0/41       AC:  6    Str: 17    XL:     5   Next: 91%
Magic:  5/5        EV:  6    Int:  9    God:
Gold:   89         SH: 12    Dex: 13    Spells: 4/4 levels left

rFire    . . .     SeeInvis .     - Unarmed
rCold    . . .     Gourm    .   b - +0 shield
rNeg     . . .     Faith    .   a - +0 scale mail
rPois    .         Spirit   .   (no helmet)
rElec    .         Reflect  .   (no cloak)
rCorr    .         Harm     .   (no gloves)
MR       .....                  (no boots)
Stlth    ..........             (no amulet)
HPRegen  0.13/turn              r - ring of wizardry
MPRegen  0.09/turn              o - ring of wizardry

@: no status effects
A: large bone plates 1, demonic guardian 1
a: no special abilities


You were on level 4 of the Dungeon.
You were not hungry.

You visited 1 branch of the dungeon, and saw 6 of its levels.

You collected 179 gold pieces.
You spent 90 gold pieces at shops.

Inventory:

Missiles
 g - 2 boomerangs (quivered)
 l - 30 poisoned darts
Armour
 a - a +0 scale mail (worn)
 b - a +0 shield (worn)
Jewellery
 o - a ring of wizardry (right hand)
 r - a ring of wizardry (left hand)
Scrolls
 e - 2 scrolls of teleportation
 i - a scroll of identify
 p - a scroll of remove curse
Potions
 c - a potion of might
 f - 2 potions of cancellation {unknown}
 h - 3 potions of curing {unknown}
 j - a potion of lignification {unknown}
 k - a potion of degeneration {unknown}
 m - a potion of heal wounds
 n - 3 potions of brilliance {unknown}
 q - a potion of agility {unknown}
 s - a potion of magic {unknown}
 t - a potion of haste {unknown}
Comestibles
 d - 7 rations


   Skills:
 - Level 3.0 Fighting
 - Level 2.6 Armour
 - Level 2.6 Shields
 + Level 5.7 Unarmed Combat


You had 4 spell levels left.
You didn't know any spells.
Your spell library was empty.

Dungeon Overview and Level Annotations

Branches:
Dungeon (6/15)             Temple (0/1) D:6

Altars:
Ashenzari
Kikubaaqudgha
Nemelex Xobeh
Zin
The Shining One

Shops:
D:6 !=?

Annotations:
D:6 exclusion: oklob sapling


Innate Abilities, Weirdness & Mutations

You are partially covered in large bone plates. (SH +4)
A weak demonic guardian rushes to your aid.


Message History

You block the giant cockroach's attack.
You see here a +0 dagger.
The bullfrog hits you.
* * * LOW HITPOINT WARNING * * *
There is an escape hatch in the ceiling here.
You block the bullfrog's attack. The giant cockroach bites you.
* * * LOW HITPOINT WARNING * * *
A mysterious force pulls you upwards. The hatch slams shut behind you.
You hear the hiss of flowing sand.
There is an entrance to an ossuary on this level.
Hurry and find it before the portal is buried!
You hear the slow hiss of a very distant avalanche of sand.
The orc shouts! x2
An orc wizard comes into view. It is wielding a +0 dagger.
The orc wizard casts a spell.
The orc wizard seems to speed up.
The orc wizard gestures wildly while chanting.
The orc wizard flickers and vanishes!
Deactivating autopickup; reactivate with Ctrl-A.
The orc hits you.
You die...

#+#######
........#
###
.....$..#
..#
.....{..#
#.#
......so###
#.#
.....o.@F.+
###.#
.#..#+#####
...<#
###....#
#....#
.....#
.....#
#l##... #$
####


You could see a bullfrog, 2 orcs and a giant cockroach.

Vanquished Creatures
  A phantom (D:6)
  An orc priest (D:5)
  Jessica (D:2)
  Terence (D:2)
  7 adders
  An adder skeleton (D:6)
  A worm (D:2)
  A dart slug (D:1)
  A leopard gecko (D:1)
  2 orcs
  A giant cockroach (D:3)
  5 goblins
  A hobgoblin (D:3)
  3 jackals (D:3)
  4 kobolds
  A quokka (D:3)
  14 bats
  2 frilled lizards
  4 rats
52 creatures vanquished.

Vanquished Creatures (collateral kills)
  A worm (D:2)
1 creature vanquished.

Grand Total: 53 creatures vanquished

Notes
Turn   | Place    | Note
-------+----------+-------------------------------------------
     0 | D:1      | pkoi the Demonspawn Fighter began the quest for the Orb.
     0 | D:1      | Reached XP level 1. HP: 18/18 MP: 1/1
    70 | D:1      | Reached skill level 2 in Unarmed Combat
   189 | D:1      | Gained mutation: A weak demonic guardian rushes to your
                  | aid. [demonic ancestry]
   189 | D:1      | Reached XP level 2. HP: 23/24 MP: 2/2
   670 | D:2      | Reached skill level 3 in Unarmed Combat
   872 | D:2      | Gained mutation: You are partially covered in large bone
                  | plates. (SH +4) [demonic ancestry]
   872 | D:2      | Reached XP level 3. HP: 18/29 MP: 3/3
  1542 | D:2      | Found a shattered altar of Ashenzari.
  1556 | D:2      | Noticed Terence
  1571 | D:2      | Killed Terence
  1571 | D:2      | Reached skill level 4 in Unarmed Combat
  1571 | D:2      | Reached XP level 4. HP: 22/35 MP: 4/4
  1757 | D:2      | Noticed Jessica
  1763 | D:2      | Killed Jessica
  2232 | D:3      | Found an ancient bone altar of Kikubaaqudgha.
  2411 | D:3      | Found a sparkling altar of Nemelex Xobeh.
  2428 | D:3      | Reached XP level 5. HP: 41/41 MP: 5/5
  2466 | D:3      | Found a glowing silver altar of Zin.
  2466 | D:3      | Noticed an angel
  2999 | D:3      | Found a glowing golden altar of the Shining One.
  3204 | D:4      | You fall into a shaft and drop 2 floors!
  3217 | D:6      | Noticed a phantom
  3221 | D:6      | Found Wonih's Jewellery Emporium.
  3243 | D:6      | Killed a phantom
  3243 | D:6      | Reached skill level 5 in Unarmed Combat
  3246 | D:6      | Bought a cursed ring of teleportation for 45 gold pieces
  3246 | D:6      | Bought a cursed ring of attention for 45 gold pieces
  3286 | D:6      | Noticed an orc warrior
  3322 | D:6      | Found Xiphav's Magic Scroll Emporium.
  3324 | D:6      | Found a staircase to the Ecumenical Temple.
  3330 | D:6      | Found Etugogaj's Distillery.
  3335 | D:6      | Noticed a phantom
  3342 | D:5      | Entered Level 5 of the Dungeon
  3349 | D:5      | HP: 2/41 [giant cockroach (2)]
  3350 | D:4      | Slain by an orc

Levels and vault maps discovered:
D:1:      minmay_arrival_nine_rooms, layout_rooms
D:2:      layout_basic, ashenzari_altar_1, first_ration, serial_bayou_crossing,
          uniq_jessica, uniq_terence
D:3:      layout_loops_ring, lemuel_doored_altar, kiku_gazebo_garden_becter,
          zin_angel, old_standard_altar
D:4:      layout_basic, chequers_ossuary_entry_cave
D:5:      layout_gridville, uniq_prince_ribbit1, uniq_menkaure
D:6:      layout_rooms, grunt_gozag_breadcrumbs, minmay_temple_entry_oklob,
          serial_shops, shop, shop_statue, kennysheep_mini, shop, shop

Skill      XL: |  1  2  3  4  5 |
---------------+----------------+-----
Unarmed Combat | 2 3 4 5 |  5.7
Fighting       | |  3.0
Armour         | |  2.6
Shields        | |  2.6

Action                   |  1- 3 |  4- 6 || total
-------------------------+-------+-------++-------
Melee: Unarmed           |   141 |   131 ||   272
  Use: Potion            |     1 |       ||     1
       Scroll            |       |    11 ||    11
  Eat: Chunk             |     2 |     6 ||     8
Armor: Scale mail        |    59 |    50 ||   109
Dodge: Dodged            |    30 |    29 ||    59
Block: Shield            |    65 |   115 ||   180

Table legend:
 A = Non-vault XP
 B = Vault XP
 C = Vault XP percentage of total XP
 D = Non-vault monster count
 E = Vault monster count
 F = Vault count percentage of total count
                 A         B        C        D         E       F
            +---------+---------+-------+---------+---------+-------
      Total |     303 |      61 |  16.8 |      51 |       2 |   3.8
            +---------+---------+-------+---------+---------+-------
        D:1 |      25 |       0 |   0.0 |      14 |       0 |   0.0
        D:2 |      89 |      61 |  40.7 |      18 |       2 |  10.0
        D:3 |      51 |       0 |   0.0 |      15 |       0 |   0.0
        D:5 |      41 |       0 |   0.0 |       1 |       0 |   0.0
        D:6 |      97 |       0 |   0.0 |       3 |       0 |   0.0
            +---------+---------+-------+---------+---------+-------
